 Dungeon Sprint DCSS version 0.28-a0-1412-gf95308ed99 (webtiles) character file.

Game seed: 7260879689443874922

21160 mhtbhm the Warrior (level 12, -2/138 HPs)
             Began as a Gargoyle Fighter on Jan 7, 2022.
             Was an Initiate of Gozag.
             Slain by a vampire knight (18 damage)
             ... in the Dungeon (Sprint IX: "|||||||||||||||||||||||||||||").
             The game lasted 00:09:21 (4142 turns).

mhtbhm the Warrior (Gargoyle Fighter)               Turns: 4142, Time: 00:09:22

Health: -2/138     AC: 28    Str: 25    XL:     12   Next: 87%
Magic:  12/12      EV: 13    Int: 14    God:    Gozag
Gold:   4623       SH:  7    Dex:  9    Spells: 11/11 levels left

rFire   . . .      SeeInvis +   a - +0 flail
rCold   + + .      Faith    .   c - +0 buckler
rNeg    + . .      Spirit   .   b - +5 ring mail "Amualepo" {rC++ Will-}
rPois   ∞          Reflect  .   F - +3 crown of Dyrovepreva {rElec Int+2 SInv}
rElec   +          Harm     .   f - +0 cloak
rCorr   .          Rampage  .   (no gloves)
Will    .....      NoTele   +   G - +1 pair of boots
Stlth   ..........              (no amulet)
HPRegen 0.33/turn               o - +3 ring of intelligence
MPRegen 0.13/turn               (no ring)

@: berserking (expiring), very quick
A: sickness immunity, AC +8, negative energy resistance 1, electricity
resistance, torment resistance 1, petrification resistance
a: Renounce Religion, Potion Petition, Call Merchant, Bribe Branch


You were in the Dungeon.
You worshipped Gozag.
Gozag was most pleased with you.
You visited 1 branch You collected 9813 gold pieces.
You spent 1804 gold pieces at shops.
You paid 3386 gold pieces to Gozag.

Inventory:

Hand Weapons
 a - a +0 flail (weapon)
Missiles
 d - a curare-tipped dart (quivered)
Armour
 b - the +5 ring mail "Amualepo" (worn) {rC++ Will-}
   (You found it in the Dungeon)

   rC:        It greatly protects you from cold.
   Will:      It decreases your willpower.
 c - a +0 buckler (worn)
 f - a +0 cloak (worn)
 n - a +0 helmet
 F - the +3 crown of Dyrovepreva (worn) {rElec Int+2 SInv}
   (You found it in the Dungeon)

   Int:       It affects your intelligence (+2).
   rElec:     It insulates you from electricity.
   SInv:      It lets you see invisible.
 G - a +1 pair of boots (worn)
Jewellery
 o - a +3 ring of intelligence (left hand)
 p - a +3 ring of intelligence
 v - a ring of ice
 B - a ring of protection from fire
 C - a ring of protection from cold
 E - a ring of see invisible
Scrolls
 i - a scroll of enchant weapon
 j - 7 scrolls of blinking
 k - 2 scrolls of amnesia
 l - a scroll of holy word
 s - a scroll of brand weapon
 t - 2 scrolls of immolation
 u - 3 scrolls of enchant armour
 D - 2 scrolls of fog
 H - a scroll of fear
Potions
 e - 5 potions of curing
 g - a potion of haste
 h - 4 potions of magic
 m - 4 potions of heal wounds
 q - 3 potions of brilliance
 r - a potion of mutation
 w - a potion of cancellation
 x - a potion of attraction {unknown}
 z - a potion of might
 A - a potion of lignification {unknown}
Miscellaneous
 y - a tin of tremorstones (1/2)


   Skills:
 + Level 18.1 Fighting
 + Level 17.2 Maces & Flails
 + Level 1.4 Throwing
 + Level 12.9 Armour
 + Level 7.5 Dodging
 + Level 13.6 Stealth
 + Level 14.8 Shields
 + Level 4.9 Evocations


You had 11 spell levels left.
You didn't know any spells.
Your spell library was empty.

Dungeon Overview and Level Annotations

Branches:
Dungeon (1/1)

Altars:
Cheibriados
Dithmenos
Elyvilon
Fedhas
Gozag
Hepliaklqana
Kikubaaqudgha
Makhleb
Nemelex Xobeh
Okawaru
Qazlal
Ru
Sif Muna
Trog
Uskayaw
Vehumet
Wu Jian
Xom
Yredelemnul
Zin
The Shining One
Beogh
Jiyva
Lugonu

Shops:
D (?[**


Innate Abilities, Weirdness & Mutations

You are immune to sickness and miasma.
Your stone body is resilient. (AC +8)
You are immune to poison.
You resist negative energy. (rN+)
You are resistant to electric shocks. (rElec)
You are resistant to unholy torment.
You are immune to petrification.


Message History

The vampire knight hits you with a +1 glaive!
You block the vampire knight's attack.
You completely miss the vampire knight.
The vampire knight is heavily damaged.
The vampire knight hits you but does no damage.
The vampire knight bites you!
You sock the vampire knight!
The vampire knight is severely damaged.
You barely miss the vampire knight.
The vampire knight is severely damaged.
The vampire knight points at you and mumbles some strange words.
You barely resist. You hit the vampire knight.
The vampire knight is severely damaged.
The vampire knight gestures at you while chanting.
You suddenly lose the ability to move!
The vampire knight hits you with a +1 glaive.
The vampire knight bites you.
The vampire knight hits you with a +1 glaive!!
* * * LOW HITPOINT WARNING * * *
The vampire knight bites you but does no damage.
The vampire knight barely misses you.
The vampire knight bites you but does no damage.
The vampire knight hits you with a +1 glaive!
* * * LOW HITPOINT WARNING * * *
The vampire knight bites you!
* * * LOW HITPOINT WARNING * * *
The vampire knight completely misses you.
The vampire knight bites you but does no damage.
The vampire knight hits you but does no damage.
The vampire knight bites you but does no damage.
You can move again.
You hit the vampire knight but do no damage.
The vampire knight is severely damaged.
Unknown command.
You hit the vampire knight.
The vampire knight is severely damaged.
The vampire knight hits you with a +1 glaive!!
You die...
Your body crumbles into a pile of gold.

▓.▓.▓.▓.▓.▓.▓_▓
▓.▓.▓.▓.▓.▓.▓_▓
▓.▓.▓.▓.▓.▓.▓_▓
▓.▓.▓.▓.▓.▓.▓_▓
▓.▓.▓)▓.▓.▓.▓_▓
▓[▓.▓.▓.▓'▓.▓_▓
▓.▓.▓)▓.▓.▓.▓_▓
▓[▓.▓)▓.▓.▓.▓_▓
▓[▓@▓)▓.▓.▓.▓_▓
▓[▓V▓)▓.▓.▓.▓_▓
▓[▓y▓.▓.▓.▓.▓_▓
▓[▓.▓.▓.▓.▓.▓_▓
▓[▓.▓.▓.▓.▓.▓_▓
▓.▓.▓.▓)▓.▓.▓_▓
▓)▓.▓.▓)▓.▓.▓_▓
▓)▓.▓)▓)▓'▓.▓_▓
▓)▓.▓)▓.▓.▓.▓_▓


You could see a vampire knight (fast) and a vampire mosquito.

Vanquished Creatures
  Gastronok (D)
  A very ugly thing (D)
  A dire elephant (D)
  3 ogre magi (D)
  2 hydras (D)
  7 two-headed ogres (D)
  A centaur warrior (D)
  3 orc knights (D)
  2 cyclopes (D)
  2 orc sorcerers (D)
  7 elephants (D)
  3 cane toads (D)
  2 rime drakes (D)
  A komodo dragon (D)
  A tengu conjurer (D)
  A meliai (D)
  A blink frog (D)
  A shadow (D)
  2 wyverns (D)
  4 yaks (D)
  A vampire mosquito (D)
  4 water moccasins (D)
  An ice beast (D)
  8 orc warriors (D)
  A wolf (D)
  5 ogres (D)
  A gnoll sergeant (D)
  A kobold brigand (D)
  4 bullfrogs (D)
  3 orc priests (D)
  An orc wizard (D)
  A white imp (D)
  A dart slug (D)
  10 orcs (D)
  A giant cockroach (D)
  A bat (D)
  2 kobolds (D)
  A quokka skeleton (D)
  A rat (D)
94 creatures vanquished.

Vanquished Creatures (others)
  A deep elf pyromancer (D)
1 creature vanquished.

Grand Total: 95 creatures vanquished

Notes
Turn   | Place    | Note
-------+----------+-------------------------------------------
     0 | D        | mhtbhm the Gargoyle Fighter began the quest for the Orb.
     0 | D        | Reached XP level 1. HP: 14/14 MP: 1/1
    87 | D        | Noticed an ice beast
    94 | D        | Killed an ice beast
    95 | D        | Reached skill level 6 in Fighting
    95 | D        | Reached skill level 5 in Shields
    95 | D        | Reached XP level 2. HP: 15/22 MP: 2/2
    95 | D        | Reached XP level 3. HP: 18/27 MP: 3/3
    95 | D        | Reached XP level 4. HP: 22/32 MP: 4/4
   106 | D        | Found a snail-covered altar of Cheibriados.
   106 | D        | Found a shadowy altar of Dithmenos.
   106 | D        | Found a white marble altar of Elyvilon.
   106 | D        | Found a blossoming altar of Fedhas.
   106 | D        | Found an opulent altar of Gozag.
   107 | D        | Found a hazy altar of Hepliaklqana.
   108 | D        | Found a viscous altar of Jiyva.
   109 | D        | Found an ancient bone altar of Kikubaaqudgha.
   110 | D        | Found a corrupted altar of Lugonu.
   111 | D        | Found a burning altar of Makhleb.
   112 | D        | Found a sparkling altar of Nemelex Xobeh.
   113 | D        | Found an iron altar of Okawaru.
   115 | D        | Became a worshipper of Gozag Ym Sagoz the Greedy
   116 | D        | Found a stormy altar of Qazlal.
   117 | D        | Found a sacrificial altar of Ru.
   118 | D        | Found a shimmering blue altar of Sif Muna.
   119 | D        | Found a bloodstained altar of Trog.
   120 | D        | Found a hide-covered altar of Uskayaw.
   121 | D        | Found a radiant altar of Vehumet.
   122 | D        | Found an ornate altar of the Wu Jian Council.
   123 | D        | Found a shimmering altar of Xom.
   124 | D        | Found a basalt altar of Yredelemnul.
   125 | D        | Found a glowing silver altar of Zin.
   126 | D        | Found a glowing golden altar of the Shining One.
   178 | D        | Noticed a yak
   178 | D        | Noticed a yak
   178 | D        | Noticed a kobold brigand
   178 | D        | Noticed a two-headed ogre
   178 | D        | Noticed a yak
   178 | D        | Noticed a wyvern
   181 | D        | Killed a wyvern
   181 | D        | Killed a kobold brigand
   182 | D        | Reached skill level 8 in Fighting
   182 | D        | Reached skill level 1 in Evocations
   182 | D        | Reached XP level 5. HP: 30/40 MP: 5/5
   182 | D        | Reached XP level 6. HP: 34/45 MP: 6/6
   183 | D        | Killed a yak
   184 | D        | Reached skill level 9 in Fighting
   184 | D        | Reached XP level 7. HP: 39/51 MP: 7/7
   188 | D        | Killed a two-headed ogre
   189 | D        | Reached skill level 10 in Fighting
   189 | D        | Reached skill level 1 in Dodging
   189 | D        | Reached skill level 10 in Shields
   189 | D        | Reached XP level 8. HP: 23/59 MP: 8/8
   189 | D        | Killed a yak
   194 | D        | Killed a yak
   195 | D        | Reached skill level 11 in Fighting
   195 | D        | Reached skill level 10 in Armour
   429 | D        | Noticed a shadow
   429 | D        | Noticed a cyclops
   429 | D        | Noticed a cyclops
   429 | D        | Noticed a centaur warrior
   433 | D        | Killed a cyclops
   434 | D        | Reached skill level 10 in Maces & Flails
   434 | D        | Reached XP level 9. HP: 63/64 MP: 9/9
   443 | D        | Killed a centaur warrior
   444 | D        | Reached skill level 12 in Fighting
   444 | D        | Reached skill level 1 in Stealth
   448 | D        | Killed a cyclops
   763 | D        | Got the +2 robe of the Weaver {+Blink Str+5 Dex-3 Stlth+}
   775 | D        | Noticed a komodo dragon
   775 | D        | Noticed a rime drake
   788 | D        | Killed a rime drake
   789 | D        | Reached XP level 10. HP: 55/72 MP: 10/10
   968 | D        | Noticed a cane toad
   968 | D        | Noticed a cane toad
   970 | D        | Noticed a cane toad
  1050 | D        | Reached skill level 13 in Fighting
  1054 | D        | Killed a cane toad
  1060 | D        | Killed a cane toad
  1066 | D        | Killed a cane toad
  1290 | D        | Noticed an elephant
  1290 | D        | Noticed a dire elephant
  1290 | D        | Noticed an elephant
  1290 | D        | Noticed an elephant
  1290 | D        | Noticed an elephant
  1290 | D        | Noticed an elephant
  1291 | D        | Noticed an elephant
  1299 | D        | Killed an elephant
  1311 | D        | Killed an elephant
  1312 | D        | Reached XP level 11. HP: 51/79 MP: 11/11
  1455 | D        | Reached skill level 14 in Fighting
  1455 | D        | Reached skill level 5 in Dodging
  1486 | D        | Reached skill level 15 in Maces & Flails
  1724 | D        | Killed a dire elephant
  1725 | D        | Reached skill level 5 in Stealth
  2135 | D        | Noticed an orc sorcerer
  2162 | D        | Killed an orc sorcerer
  2163 | D        | Reached skill level 15 in Fighting
  2528 | D        | Noticed an orc knight
  2550 | D        | Killed an orc knight
  2551 | D        | Noticed an orc knight
  2567 | D        | Noticed an orc sorcerer
  2569 | D        | Noticed a soul eater
  2583 | D        | Noticed a sun demon
  2586 | D        | Killed an orc knight
  2628 | D        | Killed an orc sorcerer
  2894 | D        | Found Usaennis's Assorted Antiques.
  2894 | D        | Noticed a two-headed ogre
  2894 | D        | Noticed a two-headed ogre
  2894 | D        | Noticed a two-headed ogre
  2902 | D        | Noticed an ogre mage
  2906 | D        | Killed a two-headed ogre
  2907 | D        | Reached skill level 16 in Fighting
  2910 | D        | Killed a two-headed ogre
  2917 | D        | Killed a two-headed ogre
  2918 | D        | Reached XP level 12. HP: 81/88 MP: 12/12
  2921 | D        | Found Rexog's Assorted Antiques.
  2928 | D        | Killed an ogre mage
  2929 | D        | Reached skill level 10 in Stealth
  2931 | D        | Found Leanyica's Armour Boutique.
  2933 | D        | Noticed a two-headed ogre
  2934 | D        | Found Riypet's Magic Scroll Shop.
  2935 | D        | Noticed an ogre mage
  2938 | D        | Noticed a two-headed ogre
  2943 | D        | Killed a two-headed ogre
  2945 | D        | Noticed a two-headed ogre
  2954 | D        | Killed an ogre mage
  2958 | D        | Killed a two-headed ogre
  2973 | D        | Killed a two-headed ogre
  2974 | D        | Reached skill level 17 in Fighting
  3030 | D        | Bought 3 scrolls of blinking for 292 gold pieces
  3030 | D        | Bought a scroll of blinking for 97 gold pieces
  3030 | D        | Bought a scroll of enchant weapon for 97 gold pieces
  3030 | D        | Bought a scroll of holy word for 97 gold pieces
  3034 | D        | Bought a scroll labelled MYACI XAL GEDUUMM for 24 gold
                  | pieces
  3034 | D        | Bought a grey potion for 21 gold pieces
  3034 | D        | Bought a cyan potion for 21 gold pieces
  3034 | D        | Bought a scroll of enchant armour for 180 gold pieces
  3036 | D        | Bought a tin of tremorstones (2/2) for 680 gold pieces
  3036 | D        | Bought a potion of might for 68 gold pieces
  3036 | D        | Bought a scroll of identify for 34 gold pieces
  3036 | D        | Bought a smoky black potion for 15 gold pieces
  3036 | D        | Bought a tubular wooden ring for 85 gold pieces
  3036 | D        | Bought a scroll labelled ROTUNA BOZAW for 17 gold pieces
  3036 | D        | Bought a scroll labelled OKKYER KAJOJ for 17 gold pieces
  3036 | D        | Bought a scroll of immolation for 59 gold pieces
  3075 | D        | Noticed Gastronok
  3218 | D        | Killed Gastronok
  3219 | D        | Reached skill level 1 in Throwing
  3603 | D        | Found the +3 crown of Dyrovepreva {rElec Int+2 SInv}
  3643 | D        | Got the +5 ring mail "Amualepo" {rC++ Will-}
  3679 | D        | Noticed a five-headed hydra
  3679 | D        | Noticed a four-headed hydra
  3679 | D        | Noticed an ogre mage
  3681 | D        | Killed a four-headed hydra
  3681 | D        | Killed a five-headed hydra
  3682 | D        | Killed an ogre mage
  3696 | D        | Noticed a vampire knight
  3701 | D        | Noticed a brown very ugly thing
  3872 | D        | Killed a brown very ugly thing
  3873 | D        | Reached skill level 18 in Fighting
  4122 | D        | Paralysed by a vampire knight for 4 turns
  4136 | D        | Paralysed by a vampire knight for 4 turns
  4142 | D        | Slain by a vampire knight

Illustrated notes

Levels and vault maps discovered:
D:        linesprint [early_d, line_temple, items_1, d_10, items_2, lair_1,
          lair_end, items_3, orc_1, orc_end, items_4, d_15, swamp_1, shoals_1,
          snake_1, spider_1, d_20, vaults_1, items_5, swamp_end, shoals_end,
          snake_end, spider_end, vaults_end, d_27, items_6, zot_1, zot_end,
          crypt_end, forest_end, elf_end, slime_end, tomb_end, abyss_end,
          pan_hell_end]

Skill      XL: |  1  2  3  4  5  6  7  8  9 10 11 12 |
---------------+-------------------------------------+-----
Fighting       | 6 8 9 10 11 12 13 16 18 | 18.1
Maces & Flails | 4 6 8 10 11 14 15 17 | 17.2
Armour         | 6 7 8 9 10 12 | 12.9
Shields        | 5 7 8 10 11 12 13 14 | 14.8
Evocations     | 1 2 3 4 |  4.9
Dodging        | 1 4 6 7 |  7.5
Stealth        | 2 4 9 13 | 13.6
Throwing       | 1 |  1.4

Action                   |  1- 3 |  4- 6 |  7- 9 | 10-12 || total
-------------------------+-------+-------+-------+-------++-------
Melee: Flail             |    17 |     6 |    44 |   427 ||   494
Throw: Dart              |       |       |       |     2 ||     2
Invok: Potion Petition   |       |       |       |     6 ||     6
       Call Merchant     |       |       |       |     1 ||     1
Evoke: Wand              |       |     3 |     4 |     3 ||    10
       Tin of tremorston |       |       |       |     4 ||     4
  Use: Potion            |     1 |     1 |     1 |     7 ||    10
       Scroll            |       |       |       |     7 ||     7
 Stab: Distracted        |       |       |     2 |     4 ||     6
       Sleeping          |       |       |       |     1 ||     1
       Invisible         |       |       |       |    11 ||    11
Armor: Scale mail        |     4 |       |       |       ||     4
       Plate armour      |       |     3 |    15 |       ||    18
       Robe              |       |       |     5 |    82 ||    87
       Ring mail         |       |       |       |    21 ||    21
Dodge: Dodged            |    11 |     2 |     7 |   106 ||   126
Block: Buckler           |     4 |     1 |    14 |    60 ||    79

Table legend: (Time is in decaauts)
 A = Elapsed time spent in this place.
 B = Non-inter-level travel time spent in this place.
 C = Inter-level travel time spent in this place.
 D = Time resting spent in this place.
 E = Time spent auto-exploring this place.
 F = Levels seen in this place.
 G = Mean time per level.
                   A        B        C        D        E       F      G
               +--------+--------+--------+--------+--------+-----+--------+
         Total |   4007 |   4007 |      0 |   2344 |    216 |   1 | 4007.0 |
       Dungeon |   4007 |   4007 |      0 |   2344 |    216 |   1 | 4007.0 |
               +--------+--------+--------+--------+--------+-----+--------+

Top non-repeatable levels by time:
       D: 4007 daAuts
